Workbook

Sheet L
A1: Item No | B1: Payment Clause | C1: Short Description | D1: Unit | E1: Quantity | F1: Rate | G1: Amount R c
G2: =IF(OR(E2=0,F2=0),"",E2*F2)
C3: SECTION L: MEDIUM PRESSURE PIPELINES | G3: =IF(OR(E3=0,F3=0),"",E3*F3) | H3: =IF(OR(B3="SABS",B3="1200",B3="TOTAL CARRIED FORWARD",B3="TOTAL BROUGHT FORWARD"),INDEX(H:H,CELL("row",B3)-1),IF(ISTEXT(B3),1+INDEX(H:H,CELL("row",B3)-1),INDEX(H:H,CELL("row",B3)-1))) -> 0 | I3: =IF(AND(H3=INDEX(H:H,CELL("row",B3)-1),E3>0),INDEX(I:I,CELL("row",B3)-1)+0.1,IF(H3>INDEX(H:H,CELL("row",B3)-1),0,INDEX(I:I,CELL("row",B3)-1))) -> 0 | K3: Section
A4: =IF(AND(I4>0,I4>I3),$K$4 & H4+I4,"") | B4: SABS | G4: =IF(OR(E4=0,F4=0),"",E4*F4) | H4: =IF(OR(B4="SABS",B4="1200",B4="TOTAL CARRIED FORWARD",B4="TOTAL BROUGHT FORWARD"),INDEX(H:H,CELL("row",B4)-1),IF(ISTEXT(B4),1+INDEX(H:H,CELL("row",B4)-1),INDEX(H:H,CELL("row",B4)-1))) -> 0 | I4: =IF(AND(H4=INDEX(H:H,CELL("row",B4)-1),E4>0),INDEX(I:I,CELL("row",B4)-1)+0.1,IF(H4>INDEX(H:H,CELL("row",B4)-1),0,INDEX(I:I,CELL("row",B4)-1))) -> 0 | K4: L
A5: =IF(AND(I5>0,I5>I4),$K$4 & H5+I5,"") | B5: 1200 L | C5: Pipework: Wallmannsthal pumpstation pipes and fittings | G5: =IF(OR(E5=0,F5=0),"",E5*F5) | H5: =IF(OR(B5="SABS",B5="1200",B5="TOTAL CARRIED FORWARD",B5="TOTAL BROUGHT FORWARD"),INDEX(H:H,CELL("row",B5)-1),IF(ISTEXT(B5),1+INDEX(H:H,CELL("row",B5)-1),INDEX(H:H,CELL("row",B5)-1))) -> 1 | I5: =IF(AND(H5=INDEX(H:H,CELL("row",B5)-1),E5>0),INDEX(I:I,CELL("row",B5)-1)+0.1,IF(H5>INDEX(H:H,CELL("row",B5)-1),0,INDEX(I:I,CELL("row",B5)-1))) -> 0
A6: =IF(AND(I6>0,I6>I5),$K$4 & H6+I6,"") | G6: =IF(OR(E6=0,F6=0),"",E6*F6) | H6: =IF(OR(B6="SABS",B6="1200",B6="TOTAL CARRIED FORWARD",B6="TOTAL BROUGHT FORWARD"),INDEX(H:H,CELL("row",B6)-1),IF(ISTEXT(B6),1+INDEX(H:H,CELL("row",B6)-1),INDEX(H:H,CELL("row",B6)-1))) -> 1 | I6: =IF(AND(H6=INDEX(H:H,CELL("row",B6)-1),E6>0),INDEX(I:I,CELL("row",B6)-1)+0.1,IF(H6>INDEX(H:H,CELL("row",B6)-1),0,INDEX(I:I,CELL("row",B6)-1))) -> 0
A7: =IF(AND(I7>0,I7>I6),$K$4 & H7+I7,"") | B7: 8.2.1 | C7: Supply, join with welded joints, lay, and bed (flexible bedding), API 5L grade X42 Steel pipes 6mm wall thickness, including all NDT, pressure testing and disinfection: | G7: =IF(OR(E7=0,F7=0),"",E7*F7) | H7: 1 | I7: =IF(AND(H7=INDEX(H:H,CELL("row",B7)-1),E7>0),INDEX(I:I,CELL("row",B7)-1)+0.1,IF(H7>INDEX(H:H,CELL("row",B7)-1),0,INDEX(I:I,CELL("row",B7)-1))) -> 0
A8: =IF(AND(I8>0,I8>I7),$K$4 & H8+I8,"") | G8: =IF(OR(E8=0,F8=0),"",E8*F8) | H8: 1 | I8: =IF(AND(H8=INDEX(H:H,CELL("row",B8)-1),E8>0),INDEX(I:I,CELL("row",B8)-1)+0.1,IF(H8>INDEX(H:H,CELL("row",B8)-1),0,INDEX(I:I,CELL("row",B8)-1))) -> 0
A9: =IF(AND(I9>0,I9>INDEX(I:I,CELL("row",B9)-1)),$K$4 & H9+I9*0.1,"") -> L1,01 | C9: DN 700 mm (01SGP07) | D9: m | E9: 30 | F9: 2306 | G9: =IF(OR(E9=0,F9=0),"",E9*F9) -> 69180 | H9: =IF(OR(B9="SABS",B9="1200",B9="TOTAL CARRIED FORWARD",B9="TOTAL BROUGHT FORWARD"),INDEX(H:H,CELL("row",B9)-1),IF(ISTEXT(B9),1+INDEX(H:H,CELL("row",B9)-1),INDEX(H:H,CELL("row",B9)-1))) -> 1 | I9: =IF(AND(H9=INDEX(H:H,CELL("row",B9)-1),E9>0),INDEX(I:I,CELL("row",B9)-1)+0.1,IF(H9>INDEX(H:H,CELL("row",B9)-1),0,INDEX(I:I,CELL("row",B9)-1))) -> 0.1
A10: =IF(AND(I10>0,I10>INDEX(I:I,CELL("row",B10)-1)),$K$4 & H10+I10*0.1,"") | G10: =IF(OR(E10=0,F10=0),"",E10*F10) | H10: =IF(OR(B10="SABS",B10="1200",B10="TOTAL CARRIED FORWARD",B10="TOTAL BROUGHT FORWARD"),INDEX(H:H,CELL("row",B10)-1),IF(ISTEXT(B10),1+INDEX(H:H,CELL("row",B10)-1),INDEX(H:H,CELL("row",B10)-1))) -> 1 | I10: =IF(AND(H10=INDEX(H:H,CELL("row",B10)-1),E10>0),INDEX(I:I,CELL("row",B10)-1)+0.1,IF(H10>INDEX(H:H,CELL("row",B10)-1),0,INDEX(I:I,CELL("row",B10)-1))) -> 0.1
H11: =IF(OR(B63="SABS",B63="1200",B63="TOTAL CARRIED FORWARD",B63="TOTAL BROUGHT FORWARD"),INDEX(H:H,CELL("row",B63)-1),IF(ISTEXT(B63),1+INDEX(H:H,CELL("row",B63)-1),INDEX(H:H,CELL("row",B63)-1))) -> 0 | I11: =IF(AND(H11=INDEX(H:H,CELL("row",B63)-1),E63>0),INDEX(I:I,CELL("row",B63)-1)+0.1,IF(H11>INDEX(H:H,CELL("row",B63)-1),0,INDEX(I:I,CELL("row",B63)-1))) -> 0
C63: TOTAL SECTION L: Carried to Summary | G63: =SUM(G2:G10) -> 69180

Sheet Price Analysis
A2: RANKING FOR CIVIL
A5: Section | B5: Total Cost | E5: =B55 -> SECURITY FENCING
A6: =#REF! -> #REF! | B6: =#REF! -> #REF! | D6: Rank | E6: Cost | F6: Item
A7: =#REF! -> #REF! | B7: =#REF! -> #REF! | D7: 1 | E7: =HLOOKUP($B$55,$A$20:$N$25,D7+1,FALSE) -> #N/A | F7: =HLOOKUP($B$55,$A$20:$N$30,D7+6,FALSE) -> #N/A
A8: =#REF! -> #REF! | B8: =#REF! -> #REF! | D8: 2 | E8: =HLOOKUP($B$55,$A$20:$N$25,D8+1,FALSE) -> #N/A | F8: =HLOOKUP($B$55,$A$20:$N$30,D8+6,FALSE) -> #N/A
A9: =#REF! -> #REF! | B9: =#REF! -> #REF! | D9: 3 | E9: =HLOOKUP($B$55,$A$20:$N$25,D9+1,FALSE) -> #N/A | F9: =HLOOKUP($B$55,$A$20:$N$30,D9+6,FALSE) -> #N/A
A10: =#REF! -> #REF! | B10: =#REF! -> #REF! | D10: 4 | E10: =HLOOKUP($B$55,$A$20:$N$25,D10+1,FALSE) -> #N/A | F10: =HLOOKUP($B$55,$A$20:$N$30,D10+6,FALSE) -> #N/A
A11: =#REF! -> #REF! | B11: =#REF! -> #REF! | D11: 5 | E11: =HLOOKUP($B$55,$A$20:$N$25,D11+1,FALSE) -> #N/A | F11: =HLOOKUP($B$55,$A$20:$N$30,D11+6,FALSE) -> #N/A
A12: =#REF! -> #REF! | B12: =#REF! -> #REF!
A13: =#REF! -> #REF! | B13: =#REF! -> #REF!
A14: =#REF! -> #REF! | B14: =#REF! -> #REF!
A15: =#REF! -> #REF! | B15: =#REF! -> #REF!
A16: =#REF! -> #REF! | B16: =#REF! -> #REF!
A17: =#REF! -> #REF! | B17: =#REF! -> #REF!
A18: =#REF! -> #REF! | B18: =#REF! -> #REF!
A20: Rank | B20: {=TRANSPOSE(A6:A18)} -> #REF! | C20: #REF! | D20: #REF! | E20: #REF! | F20: #REF! | G20: #REF! | H20: #REF! | I20: #REF! | J20: #REF! | K20: #REF! | L20: #REF! | M20: #REF! | N20: #REF!
A21: 1 | B21: {=LARGE(IF(NOT(#REF!="total carried forward"),IF(NOT(#REF!="total brought forward"),#REF!)),A21+1)} -> #REF! | C21: =LARGE(#REF!,'Price Analysis'!A21) -> #REF! | D21: =LARGE(#REF!,'Price Analysis'!A21) -> #REF! | E21: =LARGE(IF(NOT(#REF!="total brought forward"),IF(NOT(#REF!="total carried forward"),#REF!)),A21) -> #REF! | F21: =LARGE(#REF!,'Price Analysis'!A21) -> #REF! | G21: =#REF! -> #REF! | H21: =LARGE(#REF!,'Price Analysis'!A21) -> #REF! | I21: =LARGE(#REF!,'Price Analysis'!A21) -> #REF! | J21: =LARGE(#REF!,'Price Analysis'!A21) -> #REF!
A22: 2 | B22: {=LARGE(IF(NOT(#REF!="total carried forward"),IF(NOT(#REF!="total brought forward"),#REF!)),A22+1)} -> #REF! | C22: =LARGE(#REF!,'Price Analysis'!A22) -> #REF! | D22: =LARGE(#REF!,'Price Analysis'!A22) -> #REF! | E22: {=LARGE(IF(NOT(#REF!="total brought forward"),IF(NOT(#REF!="total carried forward"),#REF!)),A22)} -> #REF! | F22: =LARGE(#REF!,'Price Analysis'!A22) -> #REF! | H22: =LARGE(#REF!,'Price Analysis'!A22) -> #REF! | I22: =LARGE(#REF!,'Price Analysis'!A22) -> #REF! | J22: =LARGE(#REF!,'Price Analysis'!A22) -> #REF!
A23: 3 | B23: {=LARGE(IF(NOT(#REF!="total carried forward"),IF(NOT(#REF!="total brought forward"),#REF!)),A23+1)} -> #REF! | C23: =LARGE(#REF!,'Price Analysis'!A23) -> #REF! | D23: =LARGE(#REF!,'Price Analysis'!A23) -> #REF! | E23: {=LARGE(IF(NOT(#REF!="total brought forward"),IF(NOT(#REF!="total carried forward"),#REF!)),A23)} -> #REF! | F23: =LARGE(#REF!,'Price Analysis'!A23) -> #REF! | H23: =LARGE(#REF!,'Price Analysis'!A23) -> #REF! | I23: =LARGE(#REF!,'Price Analysis'!A23) -> #REF! | J23: =LARGE(#REF!,'Price Analysis'!A23) -> #REF!
A24: 4 | B24: {=LARGE(IF(NOT(#REF!="total carried forward"),IF(NOT(#REF!="total brought forward"),#REF!)),A24+1)} -> #REF! | C24: =LARGE(#REF!,'Price Analysis'!A24) -> #REF! | D24: =LARGE(#REF!,'Price Analysis'!A24) -> #REF! | E24: {=LARGE(IF(NOT(#REF!="total brought forward"),IF(NOT(#REF!="total carried forward"),#REF!)),A24)} -> #REF! | F24: =LARGE(#REF!,'Price Analysis'!A24) -> #REF! | H24: =LARGE(#REF!,'Price Analysis'!A24) -> #REF! | I24: =LARGE(#REF!,'Price Analysis'!A24) -> #REF! | J24: =LARGE(#REF!,'Price Analysis'!A24) -> #REF!
A25: 5 | B25: {=LARGE(IF(NOT(#REF!="total carried forward"),IF(NOT(#REF!="total brought forward"),#REF!)),A25+1)} -> #REF! | C25: =LARGE(#REF!,'Price Analysis'!A25) -> #REF! | D25: =LARGE(#REF!,'Price Analysis'!A25) -> #REF! | E25: {=LARGE(IF(NOT(#REF!="total brought forward"),IF(NOT(#REF!="total carried forward"),#REF!)),A25)} -> #REF! | F25: =LARGE(#REF!,'Price Analysis'!A25) -> #REF! | H25: =LARGE(#REF!,'Price Analysis'!A25) -> #REF! | I25: =LARGE(#REF!,'Price Analysis'!A25) -> #REF! | J25: =LARGE(#REF!,'Price Analysis'!A25) -> #REF!
A26: 6 | B26: Supervision for duration of contract/Miscellaneous fixed-charge obligations | C26: Take down existing fences (Provisional) | D26: Excavate in all materials and use for embankment or backfill or dispose, as ordered for pumpstation | E26: Steel reinforcing bars | F26: Roof trusses for pumpstation | G26: IBR Sheeting | H26: 230mm thick brickwork | I26: Intermediate posts | J26: =INDEX(#REF!,MATCH('Price Analysis'!J21,#REF!,0)) -> #REF!
B27: Time related contractual requirements | C27: =INDEX(#REF!,MATCH('Price Analysis'!C22,#REF!,0)) -> #REF! | D27: Boulder excavation Class A for pumpsation | E27: Concrete for pumpsation walls and slabs | F27: Roof trusses for guardhouse | H27: =INDEX(#REF!,MATCH('Price Analysis'!H22,#REF!,0)) -> #REF! | I27: =INDEX(#REF!,MATCH('Price Analysis'!I22,#REF!,0)) -> #REF! | J27: =INDEX(#REF!,MATCH('Price Analysis'!J22,#REF!,0)) -> #REF!
B28: Fixed-charge contractual requirements | C28: =INDEX(#REF!,MATCH('Price Analysis'!C23,#REF!,0)) -> #REF! | D28: Restricted excavation for guardhouse and pumpstation | E28: Concrete for landings, stairs, plinths, cable trenches | F28: Handrail stanchions | H28: Single wooden door and frame | I28: Barbed wire concertinas | J28: =INDEX(#REF!,MATCH('Price Analysis'!J23,#REF!,0)) -> #REF!
B29: =INDEX(#REF!,MATCH('Price Analysis'!B24,#REF!,0)) -> #REF! | C29: =INDEX(#REF!,MATCH('Price Analysis'!C24,#REF!,0)) -> #REF! | D29: Intermediate excavtion for pumpstation | E29: Rough concrete for outside face of pumpstation | F29: Open grid flooring | H29: Roller shutter door | I29: Straining posts | J29: =INDEX(#REF!,MATCH('Price Analysis'!J24,#REF!,0)) -> #REF!
B30: =INDEX(#REF!,MATCH('Price Analysis'!B25,#REF!,0)) -> #REF! | C30: =INDEX(#REF!,MATCH('Price Analysis'!C25,#REF!,0)) -> #REF! | D30: Hard excavtion for pumpstation | E30: Smooth formwork for inside face of pumpstation | F30: Handrail shaped ends | H30: 110mm thick brickwork | I30: Corner posts | J30: =INDEX(#REF!,MATCH('Price Analysis'!J25,#REF!,0)) -> #REF!
J46: ="Top 5 Costs- " & B55 -> Top 5 Costs- SECURITY FENCING
J47: ="Top 5 Costs- " & E55 -> Top 5 Costs- Pumpstation HVAC
J48: ="Top 5 Costs- " & B184 -> Top 5 Costs- Baviaanspoort Res. Site
J49: ="Top 5 Costs- " &F184 -> Top 5 Costs- Electrical Zonderwater
A55: Select Section: | B55: SECURITY FENCING | D55: Select Section: | E55: Pumpstation HVAC
A80: Mechanical
A82: Section | B82: Cost | F82: Rank | G82: Cost | H82: Item
A83: Pumpstation HVAC | B83: =#REF! -> #REF! | F83: 1 | G83: =IF($E$55="Pumpstation HVAC",B88,C88) -> #REF! | H83: =IF($E$55="Pumpstation HVAC",B93,C93) -> #REF!
A84: Pumpstations Mechanical | B84: =#REF! -> #REF! | F84: 2 | G84: =IF($E$55="Pumpstation HVAC",B89,C89) -> #REF! | H84: =IF($E$55="Pumpstation HVAC",B94,C94) -> #REF!
F85: 3 | G85: =IF($E$55="Pumpstation HVAC",B90,C90) -> #REF! | H85: =IF($E$55="Pumpstation HVAC",B95,C95) -> #REF!
F86: 4 | G86: =IF($E$55="Pumpstation HVAC",B91,C91) -> #REF! | H86: =IF($E$55="Pumpstation HVAC",B96,C96) -> #REF!
A87: Rank | B87: Pumpstation HVAC | C87: Pumpstation Mechanical | F87: 5 | G87: =IF($E$55="Pumpstation HVAC",B92,C92) -> #REF! | H87: =IF($E$55="Pumpstation HVAC",B97,C97) -> #REF!
A88: 1 | B88: {=LARGE(IF(NOT(#REF!="total brought forward"),IF(NOT(#REF!="total carried forward"),#REF!)),A88)} -> #REF! | C88: =LARGE(#REF!,'Price Analysis'!A88) -> #REF!
A89: 2 | B89: {=LARGE(IF(NOT(#REF!="total brought forward"),IF(NOT(#REF!="total carried forward"),#REF!)),A89)} -> #REF! | C89: =LARGE(#REF!,'Price Analysis'!A89+1) -> #REF!
A90: 3 | B90: {=LARGE(IF(NOT(#REF!="total brought forward"),IF(NOT(#REF!="total carried forward"),#REF!)),A90)} -> #REF! | C90: =LARGE(#REF!,'Price Analysis'!A90+2) -> #REF!
A91: 4 | B91: {=LARGE(IF(NOT(#REF!="total brought forward"),IF(NOT(#REF!="total carried forward"),#REF!)),A91)} -> #REF! | C91: =LARGE(#REF!,'Price Analysis'!A91+3) -> #REF!
A92: 5 | B92: {=LARGE(IF(NOT(#REF!="total brought forward"),IF(NOT(#REF!="total carried forward"),#REF!)),A92)} -> #REF! | C92: =LARGE(#REF!,'Price Analysis'!A92+4) -> #REF!
B93: =#REF! -> #REF! | C93: Wallmansthal Reservoir Pump Station Pumpsets
B94: =#REF! -> #REF! | C94: DN300 double door wafer cheque valve
B95: =#REF! -> #REF! | C95: DN450 butterfly valves
B96: =#REF! -> #REF! | C96: DN 300 knife gate valves
B97: =#REF! -> #REF! | C97: Spares and consumables: Wallmansthal Reservoir Pump Station Pumpsets
A108: C &I
A109: Section | B109: Price | E109: Civil
A110: =B120 -> Wallmannsthal Reservoir Site | B110: =#REF! -> #REF!
A111: =C120 -> Wallmannsthal Pumpstation | B111: =#REF! -> #REF! | E111: Rank | F111: Cost | G111: Item
A112: =D120 -> Wallmannsthal Pipeline | B112: =#REF! -> #REF! | E112: 1 | F112: =HLOOKUP($B$55,$A$20:$N$25,E112+1,FALSE) -> #N/A | G112: =HLOOKUP($B$55,$A$20:$N$30,E112+6,FALSE) -> #N/A
A113: =E120 -> Baviaanspoort Res. Site | B113: =#REF! -> #REF! | E113: 2 | F113: =HLOOKUP($B$55,$A$20:$N$25,E113+1,FALSE) -> #N/A | G113: =HLOOKUP($B$55,$A$20:$N$30,E113+6,FALSE) -> #N/A
A114: Cables, IJB's and Enclosures | B114: =#REF! -> #REF! | E114: 3 | F114: =HLOOKUP($B$55,$A$20:$N$25,E114+1,FALSE) -> #N/A | G114: =HLOOKUP($B$55,$A$20:$N$30,E114+6,FALSE) -> #N/A
A115: Zonderwater Pumpstation | B115: =#REF! -> #REF! | E115: 4 | F115: =HLOOKUP($B$55,$A$20:$N$25,E115+1,FALSE) -> #N/A | G115: =HLOOKUP($B$55,$A$20:$N$30,E115+6,FALSE) -> #N/A
E116: 5 | F116: =HLOOKUP($B$55,$A$20:$N$25,E116+1,FALSE) -> #N/A | G116: =HLOOKUP($B$55,$A$20:$N$30,E116+6,FALSE) -> #N/A
A120: Rank | B120: Wallmannsthal Reservoir Site | C120: Wallmannsthal Pumpstation | D120: Wallmannsthal Pipeline | E120: Baviaanspoort Res. Site | F120: Cables, IJB's and Enclosures | G120: =A115 -> Zonderwater Pumpstation
A121: 1 | B121: {=LARGE(IF(NOT(#REF!="total brought forward"),IF(NOT(#REF!="total carried forward"),#REF!)),'Price Analysis'!A121)} -> #REF! | C121: =LARGE(#REF!,'Price Analysis'!A121) -> #REF! | D121: =LARGE(#REF!,'Price Analysis'!A121) -> #REF! | E121: =LARGE(#REF!,'Price Analysis'!A121) -> #REF! | F121: {=LARGE(IF(NOT(#REF!="total carried forward"),IF(NOT(#REF!="total brought forward"),#REF!)),'Price Analysis'!A121)} -> #REF! | G121: =LARGE(#REF!,'Price Analysis'!A121) -> #REF!
A122: 2 | B122: {=LARGE(IF(NOT(#REF!="total brought forward"),IF(NOT(#REF!="total carried forward"),#REF!)),'Price Analysis'!A122)} -> #REF! | C122: =LARGE(#REF!,'Price Analysis'!A122+3) -> #REF! | D122: =LARGE(#REF!,'Price Analysis'!A122) -> #REF! | E122: =LARGE(#REF!,'Price Analysis'!A122) -> #REF! | F122: {=LARGE(IF(NOT(#REF!="total carried forward"),IF(NOT(#REF!="total brought forward"),#REF!)),'Price Analysis'!A122)} -> #REF! | G122: =LARGE(#REF!,'Price Analysis'!A122) -> #REF!
A123: 3 | B123: {=LARGE(IF(NOT(#REF!="total brought forward"),IF(NOT(#REF!="total carried forward"),#REF!)),'Price Analysis'!A123)} -> #REF! | C123: =LARGE(#REF!,'Price Analysis'!A123+5) -> #REF! | D123: =LARGE(#REF!,'Price Analysis'!A123) -> #REF! | E123: =LARGE(#REF!,'Price Analysis'!A123) -> #REF! | F123: {=LARGE(IF(NOT(#REF!="total carried forward"),IF(NOT(#REF!="total brought forward"),#REF!)),'Price Analysis'!A123)} -> #REF! | G123: =LARGE(#REF!,'Price Analysis'!A123) -> #REF!
A124: 4 | B124: {=LARGE(IF(NOT(#REF!="total brought forward"),IF(NOT(#REF!="total carried forward"),#REF!)),'Price Analysis'!A124)} -> #REF! | C124: =LARGE(#REF!,'Price Analysis'!A124+16) -> #REF! | D124: =LARGE(#REF!,'Price Analysis'!A124+1) -> #REF! | E124: =LARGE(#REF!,'Price Analysis'!A124) -> #REF! | F124: {=LARGE(IF(NOT(#REF!="total carried forward"),IF(NOT(#REF!="total brought forward"),#REF!)),'Price Analysis'!A124)} -> #REF! | G124: =LARGE(#REF!,'Price Analysis'!A124) -> #REF!
A125: 5 | B125: {=LARGE(IF(NOT(#REF!="total brought forward"),IF(NOT(#REF!="total carried forward"),#REF!)),'Price Analysis'!A125)} -> #REF! | C125: =LARGE(#REF!,'Price Analysis'!A125+18) -> #REF! | D125: =LARGE(#REF!,'Price Analysis'!A125+2) -> #REF! | E125: =LARGE(#REF!,'Price Analysis'!A125) -> #REF! | F125: {=LARGE(IF(NOT(#REF!="total carried forward"),IF(NOT(#REF!="total brought forward"),#REF!)),'Price Analysis'!A125)} -> #REF! | G125: =LARGE(#REF!,'Price Analysis'!A125+2) -> #REF!
B126: PLC and marshalling cubicle supply and delivery | C126: Supply and deliver pump winding temp transmitters | D126: Supply and deliver DN700 line magflow meter | E126: Supply and delivery of DN700 line magflow meter | F126: Cable tray heavy duty straight runs | G126: Cable tray heavy duty straight runs
B127: PLC and accesories supply and deliver | C127: Supply and deliver PLC's and accessories | D127: Supply and deliver DN600 line magflow meter | E127: Installation of DN700 line magflow meter | F127: 300mm widex800mm deep cable trenches | G127: 300mm widex800mm deep cable trenches
B128: Supply and Delivery complete of Zeekoegat magflow meters | C128: Supply and deliver motor drive and non-drive end temperature probes and transmitters | D128: Installation of magflow meter DN600 line | E128: Baviaanspoort reservoir level transmitters | F128: Cable trays | G128: Cable trays
B129: Supply and deliver HMI panel PC | C129: Supply and deliver PLC panels and marshalling | D129: Configuration/calibration of of magflow meter DN600 line | E129: Configuration/Calibration of DN700 line magflow meter | F129: Stands for mounting pressure transmitters | G129: Supply and delivery of pump winding temperature transmitters
B130: Supply and Delivery complete of RTU | C130: Supply and deliver advanced HMI panel PC | D130: Testing and commissioning of magflow meter DN600 line | E130: Testing and comissioning of DN700 line magflow meter | F130: Supply and delivery of Dekaron control | G130: Supply and deliver PLC's and accessories
E132: C & I
E134: Rank | F134: Cost | G134: Item
E135: 1 | F135: =HLOOKUP($B$184,$A$120:$G$125,A121+1,FALSE) -> #REF! | G135: =HLOOKUP($B$184,$A$120:$G$130,A121+6,FALSE) -> Supply and delivery of DN700 line magflow meter
E136: 2 | F136: =HLOOKUP($B$184,$A$120:$G$125,A122+1,FALSE) -> #REF! | G136: =HLOOKUP($B$184,$A$120:$G$130,A122+6,FALSE) -> Installation of DN700 line magflow meter
E137: 3 | F137: =HLOOKUP($B$184,$A$120:$G$125,A123+1,FALSE) -> #REF! | G137: =HLOOKUP($B$184,$A$120:$G$130,A123+6,FALSE) -> Baviaanspoort reservoir level transmitters
E138: 4 | F138: =HLOOKUP($B$184,$A$120:$G$125,A124+1,FALSE) -> #REF! | G138: =HLOOKUP($B$184,$A$120:$G$130,A124+6,FALSE) -> Configuration/Calibration of DN700 line magflow meter
E139: 5 | F139: =HLOOKUP($B$184,$A$120:$G$125,A125+1,FALSE) -> #REF! | G139: =HLOOKUP($B$184,$A$120:$G$130,A125+6,FALSE) -> Testing and comissioning of DN700 line magflow meter
A142: Electrical
A143: Section | B143: Cost | E143: Rank | F143: Cost | G143: Item
A144: Electrical Wallmannsthal | B144: =#REF! -> #REF! | E144: 1 | F144: =IF($F$184="electrical wallmannsthal",B149,C149) -> #REF! | G144: =IF($F$184="electrical wallmannsthal",B154,C154) -> #REF!
A145: Electrical Zonderwater | B145: =#REF! -> #REF! | E145: 2 | F145: =IF($F$184="electrical wallmannsthal",B150,C150) -> #REF! | G145: =IF($F$184="electrical wallmannsthal",B155,C155) -> #REF!
E146: 3 | F146: =IF($F$184="electrical wallmannsthal",B151,C151) -> #REF! | G146: =IF($F$184="electrical wallmannsthal",B156,C156) -> #REF!
E147: 4 | F147: =IF($F$184="electrical wallmannsthal",B152,C152) -> #REF! | G147: =IF($F$184="electrical wallmannsthal",B157,C157) -> #REF!
A148: Rank | B148: =A144 -> Electrical Wallmannsthal | C148: =A145 -> Electrical Zonderwater | E148: 5 | F148: =IF($F$184="electrical wallmannsthal",B153,C153) -> #REF! | G148: =IF($F$184="electrical wallmannsthal",B158,C158) -> #REF!
A149: 1 | B149: {=LARGE(IF(NOT(#REF!="total brought forward"),IF(NOT(#REF!="total carried forward"),#REF!)),'Price Analysis'!A149)} -> #REF! | C149: {=LARGE(IF(NOT(#REF!="total carried forward"),IF(NOT(#REF!="total brought forward"),#REF!)),'Price Analysis'!A149)} -> #REF!
A150: 2 | B150: {=LARGE(IF(NOT(#REF!="total brought forward"),IF(NOT(#REF!="total carried forward"),#REF!)),'Price Analysis'!A150)} -> #REF! | C150: {=LARGE(IF(NOT(#REF!="total carried forward"),IF(NOT(#REF!="total brought forward"),#REF!)),'Price Analysis'!A150)} -> #REF!
A151: 3 | B151: {=LARGE(IF(NOT(#REF!="total brought forward"),IF(NOT(#REF!="total carried forward"),#REF!)),'Price Analysis'!A151)} -> #REF! | C151: {=LARGE(IF(NOT(#REF!="total carried forward"),IF(NOT(#REF!="total brought forward"),#REF!)),'Price Analysis'!A151)} -> #REF!
A152: 4 | B152: {=LARGE(IF(NOT(#REF!="total brought forward"),IF(NOT(#REF!="total carried forward"),#REF!)),'Price Analysis'!A152)} -> #REF! | C152: {=LARGE(IF(NOT(#REF!="total carried forward"),IF(NOT(#REF!="total brought forward"),#REF!)),'Price Analysis'!A152)} -> #REF!
A153: 5 | B153: {=LARGE(IF(NOT(#REF!="total brought forward"),IF(NOT(#REF!="total carried forward"),#REF!)),'Price Analysis'!A153)} -> #REF! | C153: {=LARGE(IF(NOT(#REF!="total carried forward"),IF(NOT(#REF!="total brought forward"),#REF!)),'Price Analysis'!A153)} -> #REF!
B154: =INDEX(#REF!,MATCH('Price Analysis'!B149,#REF!,0)) -> #REF! | C154: =INDEX(#REF!,MATCH('Price Analysis'!C149,#REF!,0)) -> #REF!
B155: =INDEX(#REF!,MATCH('Price Analysis'!B150,#REF!,0)) -> #REF! | C155: =INDEX(#REF!,MATCH('Price Analysis'!C150,#REF!,0)) -> #REF!
B156: =INDEX(#REF!,MATCH('Price Analysis'!B151,#REF!,0)) -> #REF! | C156: =INDEX(#REF!,MATCH('Price Analysis'!C151,#REF!,0)) -> #REF!
B157: =INDEX(#REF!,MATCH('Price Analysis'!B152,#REF!,0)) -> #REF! | C157: =INDEX(#REF!,MATCH('Price Analysis'!C152,#REF!,0)) -> #REF!
B158: =INDEX(#REF!,MATCH('Price Analysis'!B153,#REF!,0)) -> #REF! | C158: =INDEX(#REF!,MATCH('Price Analysis'!C153,#REF!,0)) -> #REF!
A184: Select Section: | B184: Baviaanspoort Res. Site | E184: Select Section: | F184: Electrical Zonderwater

Sheet P and Gs
A1: CONTRACT NUMBER: | B1: PUBLIC LIGHTING CONSTRUCTION AND MAINTENANCE | G1: SECTION 1
A3: ITEM NO. | B3: DESCRIPTION | C3: PAYMENT REFERS TO | D3: UNIT | E3: QTY | F3: RATE | G3: AMOUNT
B5: PRELIMINARY AND GENERAL | C5: SABS 1200A
A6: 1 | B6: SCHEDULED FIXED-CHARGE AND VALUE RELATED ITEMS | C6: 8.3
A8: 1.1.1 | B8: Contractual requirements incusive of all insurances; guarantees and preliminary documentation required prior to commencement of work | C8: 8.3.1 | D8: Sum | E8: 1
A9: 1.1.2 | B9: Establishment of Facilities on site | C9: 8.3.2
B11: Facilities for the Engineer | C11: 8.3.2.1
A12: 1.1.2.1 | B12: (c) Nameboards | D12: sum | E12: 1
B14: Facilities for the Contractor | C14: 8.3.2.2
A15: 1.1.2.2 | B15: (a) Office and storage sheds | D15: Sum | E15: 1
A16: 1.1.2.3 | B16: (e) Ablution and latrine facilities | D16: sum | E16: 1
A17: 1.1.2.4 | B17: (f) Tools and equipment ( inclusive of jack hammers, compressors and all equipment necessary for completion of works) | D17: sum | E17: 1
A18: 1.1.2.5 | B18: (g) Water supplies, electric power and communications | D18: sum | E18: 1
A19: 1.1.2.6 | B19: (i) Access
A20: 1.1.2.6 | B20: (j) Plant ( inclusive of crane required for the lifting of masts for duration of project) | D20: sum
A22: 1.2 | B22: OPERATION AND MAINTENANCE OF FACILITIES ON SITE | C22: 8.4.2
A23: 1.2.1 | B23: (a) Office and storage sheds | D23: monthly | E23: 1
A24: 1.2.2 | B24: (e) Ablution and latrine facilities | D24: monthly | E24: 1
A25: 1.2.3 | B25: (f) Tools and equipment ( inclusive of jack hammers, compressors and all equipment necessary for completion of works) | D25: monthly | E25: 1
A26: 1.2.4 | B26: (g) Water supplies, electric power and communications | D26: monthly | E26: 1
A27: 1.2.5 | B27: (i) Access | D27: monthly | E27: 1
A28: 1.2.6 | B28: (j) Plant ( inclusive of crane required for the lifting of masts for duration of project) | D28: monthly | E28: 1
A30: 1.3 | B30: Removal of site establishment | C30: 8.3.4 | D30: sum | E30: 1
A32: 1.4 | B32: Other fixed charge obligations | C32: 8.3.3
B33: General safety obligations and Compliance
A34: 1.4.1 | B34: Risk assessment | D34: Sum | E34: 1
A35: 1.4.2 | B35: Health and safety plan | D35: Sum | E35: 1
A36: 1.4.3 | B36: Construction safety officer and other legal appointments | D36: monthly | E36: 1
A37: 1.4.4 | B37: Medical assessment of employees | D37: Sum | E37: 1
A38: 1.4.5 | B38: Provision of PPE | D38: Sum | E38: 1
A39: 1.4.6 | B39: Implementation of additional measures for COVID19 inclusive of induction | D39: sum | E39: 1
A41: 1.5.0 | B41: Supervision for duration of construction | C41: 8.4.3 | D41: monthly | E41: 1
A42: 1.5.1 | B42: Payment of community liaison officer (CLO) | D42: monthly | E42: 1 | F42: 7500 | G42: =F42*E42 -> 7500
A43: 1.5.2 | B43: Handling cost for CLO | D43: %
A45: 1.6 | B45: Company and Head Office Overhead costs for the duration of the contract | C45: 8.4.4 | D45: monthly | E45: 1
A47: 1.7 | B47: Prime Cost Items | C47: 8.6
B48: Specialised services
A49: 1.7.1 | B49: Geotechnical Engineer (provision of Geotech report and soil tests for proposed new high mast sites) | D49: sum | E49: 1
A51: 1.8 | B51: Dealing with traffic (or accommodation of traffic) | C51: 8.8.2 | D51: sum | E51: 1
A53: 1.9 | B53: Existing services | C53: 8.8.4
A54: 1.9.1 | B54: (a) Hiring of equiopment for detection of underground existing services inclusive of cables, water pipes, sewer lines, etc | D54: sum | E54: 1
A55: 1.9.2 | B55: (b) The use of detection equipment referred above | D55: day | E55: 1
A63: SECTION 1- Ps & Gs | B63: SECTION 1: PRELIMINARY AND GENERAL CARRIED TO SUMMARY

Sheet High Mast Foundations
A1: CONTRACT NUMBER: | B1: PUBLIC LIGHTING CONSTRUCTION AND MAINTENANCE | G1: SECTION 2
A3: ITEM NO. | B3: DESCRIPTION | C3: PAYMENT REFERS TO: | D3: UNIT | E3: QTY | F3: RATE | G3: AMOUNT
A5: 2 | B5: HIGH MAST FOUNDATIONS
A8: 2.1 | B8: Foundations for high masts
A9: 2.1.1 | B9: Mast foundation designs as per the soil tests | D9: each | E9: 1
A11: 2.2 | B11: Excavation of foundation holes
A12: 2.2.1 | B12: Obtain wayleave information | D12: sum | E12: 1
A13: 2.2.2 | B13: Foundation inclusive of soil tests | D13: each | E13: 1
A14: 2.2.3 | B14: Extra over for excavation and casting of foundations for 30m high mast in hard rock | D14: m3 | E14: 1
A15: 2.2.4 | B15: Extra over for excavation, removal and disposal of poor load bearing soil and replacement with G5 material | D15: m3 | E15: 1
A17: 2.3 | B17: Mast electrical earthing
A18: 2.3.1 | B18: SABS approved lightning protection/earthing system complete including drawings and earth resistance readings | C18: SANS 10142-1 | D18: each | E18: 1
A20: 2.4 | B20: Foundation for masts
A21: 2.4.1 | B21: Designed to Specification for a 30m Galvanised Steel High Masts including drawings for approval, cable entry sleeves, concrete, reinforcing, bolts, and all necessary concrete work | D21: each | E21: 1
A49: 2- HIGH MAST FOUNDATIONS | B49: TOTAL SECTION 2: HIGH MAST FOUNDATIONS CARRIED TO SUMMARY

Sheet Installation of new masts
A2: CONTRACT NUMBER: | C2: PUBLIC LIGHTING CONSTRUCTION AND MAINTENANCE | H2: SECTION 3
A4: ITEM NO. | C4: DESCRIPTION | D4: PAYMENT REFERS TO | E4: UNIT | F4: QTY | G4: RATE | H4: AMOUNT
A6: 3 | C6: INSTALLATION OF NEW SOLAR AND CONVENTIONAL HIGH MASTS
A8: 3.1 | C8: Supply 22m high mast die cast alumininum column inclusive of LED PV powered luminaire ring capable of holding 8 solar LED floodlights , 3 rope hoisting system , baseplate, foundation bolts , template, vandal proof access door, design drawings signed off by manufacturer structural engineer. Designed to SANS 10225. mast is designed for category 2 terrain, wind speed 144km/h. | D8: SANS 10225
A9: 3.1.1 | C9: Supply including delivery to site | E9: each | F9: 1
A10: 3.1.2 | C10: Assembly and Installation of masts | E10: each | F10: 1
A12: 3.2 | C12: Supply 30m high mast galvanised steel column inclusive of HPS luminaire ring capable of holding a maximum of 9 LED floodlights , 3 rope hoisting system , baseplate, foundation bolts , template, vandal proof access door, design drawings signed off by manufacturer structural engineer. Designed to SANS 10225. mast is designed for category 2 terrain, wind speed 144km/h. | D12: SANS 10225
A13: 3.2.1 | C13: Supply inclduing delivery to site | E13: each | F13: 1
A14: 3.2.2 | C14: Assembly and Installation of Masts | E14: each | F14: 1
A16: 3.3 | C16: Supply and install, connect, testing and comissioning of surface mounted glass fibre distribution boards (IP30) inside the mast/s poles, complete with photocell/timer/ripple relay control and all wire equipment, switch gear and wiring diagrams; including all wire trays, doors, labels, locks, architrave, busbars, conduit connections and wiring connections-supply cable connection include prewired splitter box and 5 core trailing cable. Ensuring that you take acceptable measures to vandalproof the installation | D16: SANS 10142-1
A17: 3.1 | C17: Supply | E17: each | F17: 1
A18: 3.2 | C18: installation including all accessories needed | E18: each | F18: 1
A20: 3.4 | C20: Supply and install solar LED floodlight (IP66) complete with lamps control gear and aiming indication,solar panel, battery,MPPT and inverter and all necessary equipment for functioning of a solar floodlight. Wiring and fitting to luminaire ring. Including simulation results on a 22m high mast arranged in circular symetry, simulated for 3 masts arranged 150m apart in equilateral triangle position | D20: SANS10142
A21: 3.4.1 | C21: Simulation test results | E21: sum | F21: 1
A22: 3.4.2 | C22: Supply | E22: each | F22: 1
A23: 3.4.3 | C23: Installation including all accessories needed | E23: per mast | F23: 1
A25: 3.5 | C25: Supply and install 200W LED floodlight (IP66) complete with lamps control gear and aiming indication. Wiring and fitting to luminaire ring. Including simulation results on a 30m high mast arranged in circular symetry, simulated for 3 masts arranged 300m apart in equilateral triangle position | D25: SANS10142
A26: 3.5.1 | C26: Simulation test results | E26: sum | F26: 1
A27: 3.5.2 | C27: Supply | E27: each | F27: 1
A28: 3.5.3 | C28: Installation including all accessories needed | E28: per mast | F28: 1
A30: 3.5 | C30: Winch and power tool consisting of single or double drum winch, hydraulic power tool with remote and test lead (5 pin,16A, 8m long)
A31: 3.5.1 | C31: Supply | E31: each | F31: 1
A33: 3.6 | C33: Power supply
A34: 3.6.1 | C34: Supply 16mm2 X 4 core PVC/SWA/PVC, Cu , 600V/1000V Cable | D34: SANS 1507-3 | E34: m | F34: 1
A35: 3.6.2 | C35: Excavation depth 600mm by 450mm wide trench | E35: m3 | F35: 1
A36: 3.6.3 | C36: bedding laying and backfilling to specification | E36: m | F36: 1
A37: 3.6.4 | C37: Termination of cable including supply of termination kit; glands and all accessories needed | E37: each | F37: 1
A39: 3.7 | C39: Commisioning and testing of electrical works and issue certificates of compliance | D39: SANS10142-1 | E39: sum | F39: 1
A41: 3-HIGH MAST NEW | B41: SECTION C: INSTALLATION OF NEW MASTS CARRIED TO SUMMARY

Sheet Conversion of conventional mast
A2: CONTRACT NUMBER: | B2: PUBLIC LIGHTING CONSTRUCTION AND MAINTENANCE | G2: SECTION 4
A4: ITEM NO. | B4: DESCRIPTION | C4: PAYMENT REFERS TO | D4: UNIT | E4: QTY | F4: RATE | G4: AMOUNT
A6: 4 | B6: CONVERSION OF CONVENTIONAL MASTS TO SOLAR MASTS
A8: 4.1 | B8: Supply and install LED PV Floodlight (IP66) complete with lamps control gear and aiming indication,solar panel, battery,MPPT and inverter and all necessary equipment for functioning of a solar floodlight. Wiring and fitting to luminaire ring. Including simulation results on a 22m high mast arranged in circular symetry, simulated for 3 masts arranged 150m apart in equilateral triangle position | C8: SANS10142
A9: 4.1.1 | B9: Simulation test results | D9: sum | E9: 1
A10: 4.1.2 | B10: Supply | D10: each | E10: 1
A11: 4.1.3 | B11: Installation including all accessories needed | D11: per mast | E11: 1
A13: 4.2 | B13: CONVERSION OF MAST FROM 30M to 22M | C13: SANS10225
A14: 4.2.1 | B14: Lowering of existing luminaire ring including light fittings by use of a winch | D14: each | E14: 1
A15: 4.2.2 | B15: Removal of existing light fittings, luminaire ring, trailing cable, stainless steel rope suspension system and all redundant cables | D15: per mast | E15: 1
A16: 4.2.3 | B16: Lowering of entire 30m high mast/ pole by use of a crane | D16: each | E16: 1
A17: 4.2.4 | B17: Cutting of 30m mast to 22m height | D17: each | E17: 1
A18: 4.2.5 | B18: Supply PV luminaire ring that can carry new configuration of PV floodlights | D18: each | E18: 1
A19: 4.2.6 | B19: Installation of PV luminaire ring | D19: each | E19: 1
A20: 4.2.7 | B20: Supply new mast head to cover the mast at 22m including lightning conductor | D20: each | E20: 1
A21: 4.2.8 | B21: Installation of PV luminaire ring | D21: each
A22: 4.2.9 | B22: Supply stainless steel rope suspension system for PV luminaire ring | D22: each | E22: 1
A23: 4.2.10 | B23: Installation of suspension rope system | D23: each | E23: 1
A24: 4.2.11 | B24: Supply and install pulleys housing for suspension system | D24: sum | E24: 1
A25: 4.2.12 | B25: Raising of entire 22m high mast by use of a crane and installation of mast | D25: each | E25: 1
A26: 4.2.13 | B26: Raising of luminaire ring with new PV floodlights by use of a winch | D26: each | E26: 1
A27: 4.2.14 | B27: Supply vandal proof access door | D27: each | E27: 1
A28: 4.2.15 | B28: Installation of vandal proof access door | D28: each | E28: 1
A29: 4.2.16 | B29: Delivery of steel metal cutoff, old luminaires, old cables to municipal premises | D29: sum | E29: 1
A49: 4-HIGH MAST CONVERSION | B49: SECTION C: HIGH MAST CONVERSION CARRIED TO SUMMARY

Sheet Installation of streetlights
A2: CONTRACT NUMBER: | B2: PUBLIC LIGHTING CONSTRUCTION AND MAINTENANCE | G2: SECTION 4
A4: ITEM NO. | B4: DESCRIPTION | C4: PAYMENT REFERS TO | D4: UNIT | E4: QTY | F4: RATE | G4: AMOUNT
A5: 5 | B5: INSTALLATION OF NEW STREETLIGHTS
A6: 5.1 | B6: Excavation of holes holes for streetlights
A7: 5.1.1 | B7: Obtain wayleave information | D7: sum | E7: 1
A8: 5.1.2 | B8: Lifting and stacking of paving bricks | D8: m2 | E8: 1
A9: 5.1.3 | B9: Reinstate used paving bricks | D9: m2 | E9: 1
A10: 5.1.4 | B10: Excavation of holes for streetlights | D10: m3 | E10: 1
A11: 5.1.5 | B11: Supply acceptable filling soil | D11: m3 | E11: 1
A12: 5.1.6 | B12: Backfilling and compaction of soil | D12: m3 | E12: 1
A13: 5.1.7 | B13: Rock, rubble, spoil removal & disposal | D13: m3 | E13: 1
A14: 5.1.8 | B14: Hiring of a cherry picker | D14: hr | E14: 1
A16: 5.2 | B16: Supply, delivery to site and installation of streetlight poles
A17: 5.2.1 | B17: Supply 9,5m galvanised steel streetlight pole | C17: SABS0225 | D17: each | E17: 1
A18: 5.2.3 | B18: Supply 7,2m galvanised steelstreetlight pole | C18: SABS0225 | D18: each | E18: 1
A19: 5.2.4 | B19: Supply 11,5m galvanised steel streetlight pole | C19: SABS0225 | D19: each | E19: 1
A20: 5.2.5 | B20: Supply 11,5m galvanised steel streetlight pole with single 3m outreach arm | C20: SABS0225 | D20: each | E20: 1
A21: 5.2.6 | B21: Supply 11,5m galvanised steel streetlight pole double outreach arm | C21: SABS0225 | D21: each | E21: 1
A22: 5.2.7 | B22: Transport streetlight pole to site | D22: each | E22: 1
A23: 5.2.8 | B23: Plant/ Install streetlight pole | D23: each | E23: 1
A24: 5.2.9 | B24: Supply earth spike | D24: each | E24: 1
A25: 5.2.10 | B25: Installl pole earths including all excavation | D25: each | E25: 1
A27: 5.3 | B27: Installation of solar streetlight floodlights
A28: 5.3.1 | B28: Supply 100W LED PV floodlight for streetlights | D28: each | E28: 1
A29: 5.3.1 | B29: Supply 75W LED PV floodlight for streetlights | D29: each | E29: 1
A30: 5.3.2 | B30: Install streetlightlighting floodlight onto pole including all brackets,braces, bolts, mountings, etc, relevant for the installation | D30: each | E30: 1
A32: 5.4 | B32: Installation of mains powered LED streetlight floodlights
A33: 5.4.1 | B33: Supply 100W LED floodlights for streetlights | D33: each | E33: 1
A34: 5.4.2 | B34: Supply 75W LED floodlights for streetlights | D34: each | E34: 1
A35: 5.4.3 | B35: Supply 60W LED floodlights for streetlights | D35: each | E35: 1
A36: 5.4.4 | B36: Supply 50W LED floodlights for streetlights | D36: each | E36: 1
A37: 5.4.5 | B37: Install streetlightlighting floodlight onto pole including termination of power supply cable, all brackets,braces, bolts, mountings, etc, relevant for the installation | D37: each | E37: 1
A39: 5.5 | B39: CONVERSION OF MAINS POWERED STREETLIGHTS TO SOLAR POWERED STREETLIGHTS
A40: 5.5.1 | B40: Remove existing existing light fitting, and redundant cables on each streetlight | D40: each | E40: 1
A41: 5.5.2 | B41: Install streetlightlighting floodlight onto pole including all brackets,braces, bolts, mountings, spigots, etc, relevant for the installation | D41: each | E41: 1
A42: 5.5.3 | B42: Delivery of removed cables, floodlights, steel offcuts to municipality premises | D42: sum | E42: 1
A57: 4-HIGH MAST CONVERSION | B57: SECTION C: HIGH MAST CONVERSION CARRIED TO SUMMARY

Sheet Maintenance Rates
A1: CONTRACT NUMBER: | C1: PUBLIC LIGHTING CONSTRUCTION AND MAINTENANCE | F1: SECTION 6
A3: ITEM CODE | B3: PAYMENT REFERS TO | C3: DESCRIPTION | D3: UNIT | E3: QTY | F3: RATE
A5: 5 | C5: STREET LIGHTS (CONSTRUCTION AND MAINTENANCE) AND HIGH MAST MAINTENANCE
A6: 10 | C6: soil_dig, backfill ,compact hand pickable | D6: 1 | E6: m3
A7: 20 | C7: soil_machine excavation backfillfill, compact | D7: 1 | E7: m3
A8: 30 | C8: loose rocks/boulders_soil_dig, backfillfill ,compact | D8: 1 | E8: m3
A9: 40 | C9: loose rocks/bldrs_soil_machine, backfill ,compact | D9: 1 | E9: m3
A10: 50 | C10: rock_ wedge & power drill | D10: 1 | E10: m3
A11: 60 | C11: pole hole_removal of rock | D11: 1 | E11: m3
A12: 70 | C12: rock requiring blasting | D12: 1 | E12: m3
A13: 80 | C13: tar paving 60mm thick_cut,& remove | D13: 1 | E13: m2
A14: 90 | C14: concrete 100mm thick _cut & remove | D14: 1 | E14: m2
A15: 100 | C15: interlock blocks lift & stack | D15: 1 | E15: m2
A16: 110 | C16: lifting & stck of paving bricks | D16: 1 | E16: m2
A17: 120 | C17: concrete slabs lifting & stacking | D17: 1 | E17: m2
... A49: 440 | C49: Supply and install110mm steel pipe | D49: 1 | E49: m
A50: 6-MAINTENANCE | B50: SECTION 6: STREET LIGHTS (CONSTRUCTION AND MAINTENANCE) AND HIGH MAST MAINTENANCE CARRIED FORWARD
A51: CONTRACT NUMBER: | C51: PUBLIC LIGHTING CONSTRUCTION AND MAINTENANCE | F51: SECTION 6
A53: ITEM CODE | B53: PAYMENT REFERS TO | C53: DESCRIPTION | D53: UNIT | E53: QTY | F53: RATE
A54: 450 | C54: Drawn cable = >95 mm2 through pipe | D54: 1 | E54: m
A55: 460 | C55: Drawn cable < 95 mm2 through pipe | D55: 1 | E55: m
A56: 470 | C56: Drawn LV pilot cable<35 mm2 through pipe | D56: 1 | E56: m
A57: 480 | C57: LV Joint for 25mm & 35mm x4c cable | D57: 1 | E57: ea
A58: 490 | C58: LV Joint for 16 x4c cable | D58: 1 | E58: ea
A59: 500 | C59: LV_make-off & term>= 25mm&35mm x 4 core | D59: 1 | E59: ea
A60: 510 | C60: LV_make-off & term. >= 16mm x 4 core | D60: 1 | E60: ea
A61: 520 | C61: LV_make-off & term.>= 185mm_single heads | D61: 1 | E61: ea
A62: 530 | C62: supply & install earth spike | D62: 1 | E62: ea
A63: 540 | C63: High Mast Foundations incl prep ground and soil tests | D63: 1 | E63: ea
A64: 550 | C64: Install/ rewire distribution board | D64: 1 | E64: ea
A65: 560 | C65: Emergency Call Out | D65: 1 | E65: ea
... A98: 890 | C98: Poles with one lintel | D98: 1 | E98: ea
A99: 6-MAINTENANCE | B99: SECTION 6: STREET LIGHTS (CONSTRUCTION AND MAINTENANCE) AND HIGH MAST MAINTENANCE CARRIED FORWARD
A100: CONTRACT NUMBER: | C100: PUBLIC LIGHTING CONSTRUCTION AND MAINTENANCE | F100: SECTION 6
A102: ITEM CODE | B102: PAYMENT REFERS TO | C102: DESCRIPTION | D102: UNIT | E102: QTY | F102: RATE
A103: 900 | C103: Single strain fittings (120/95/50/25) | D103: 1 | E103: ea
A104: 910 | C104: Double strain fitting for (120/95/50/25) | D104: 1 | E104: ea
A105: 920 | C105: Single suspension fitting_(120/95/50) | D105: 1 | E105: ea
A106: 930 | C106: T-off strain fitting for (120/95/50/25) | D106: 1 | E106: ea
A107: 940 | C107: install abc single strainfit. (120-50) | D107: 1 | E107: ea
A108: 950 | C108: install abc single suspen fit. (120-50) | D108: 1 | E108: ea
A109: 960 | C109: install abc double strain fit. (120-50) | D109: 1 | E109: ea
A110: 970 | C110: install abc t-off strainfit. (120-50) | D110: 1 | E110: ea
A111: 980 | C111: install IP clamp for tap-off one bolt | D111: 1 | E111: ea
A112: 990 | C112: install IP clamp for tap-off two bolt | D112: 1 | E112: ea
A113: 1000 | C113: joint abc 120 mm2 x 3 + n + e + s/l | D113: 1 | E113: ea
A114: 1010 | C114: joint abc 95 mm2 x 3 + n/e + s/l | D114: 1 | E114: ea
... A135: 1220 | C135: Install fly-stay-Pole incl accessories | D135: 1 | E135: ea
A136: 6-MAINTENANCE | B136: SECTION 6: STREET LIGHTS (CONSTRUCTION AND MAINTENANCE) AND HIGH MAST MAINTENANCE CARRIED FORWARD
A137: CONTRACT NUMBER: | C137: PUBLIC LIGHTING CONSTRUCTION AND MAINTENANCE | F137: SECTION 6
A139: ITEM CODE | B139: PAYMENT REFERS TO | C139: DESCRIPTION | D139: UNIT | E139: QTY | F139: RATE
A141: 6 | B141: SECTION 6: STREET LIGHTS (CONSTRUCTION AND MAINTENANCE) AND HIGH MAST MAINTENANCE CARRIED FORWARD
A143: 1230 | C143: Install & fix inter-pole incl. all accs | D143: 1 | E143: ea
A144: 1240 | C144: Install & fix Double Shackle pole incl. accs | D144: 1 | E144: ea
A145: 1250 | C145: Install & fix Terminal-pole incl. accs. | D145: 1 | E145: ea
A146: 1260 | C146: Pole-mounted DB 1&3 phase boxes | D146: 1 | E146: ea
A147: 1270 | C147: Install, Comm street light SDB/SPB on plinth | D147: 1 | E147: ea
A148: 1280 | C148: Install pole-ext- 2,3m (M way) | D148: 1 | E148: ea
A149: 1290 | C149: Installation of lamps only | D149: 1 | E149: ea
A150: 1300 | C150: Cleaning of Luminaire bowls | D150: 1 | E150: ea
A151: 1310 | C151: Install fitting & lamp (Different sizes) | D151: 1 | E151: ea
A152: 1320 | C152: Install stl lmr & 100mm-brack incl Lamp | D152: 1 | E152: ea
A153: 1330 | C153: Remove and replace any size luminaire incl lamp | D153: 1 | E153: ea
A154: 1340 | C154: Supply 200W LED PV floodlight for high Mast | D154: 1 | E154: ea
... A184: 1670 | C184: Install stainless steel wire rope | D184: 1 | E184: ea
A185: 6-MAINTENANCE | B185: SECTION 6: STREET LIGHTS (CONSTRUCTION AND MAINTENANCE) AND HIGH MAST MAINTENANCE CARRIED FORWARD
A186: CONTRACT NUMBER: | C186: PUBLIC LIGHTING CONSTRUCTION AND MAINTENANCE | F186: SECTION 6
A188: ITEM CODE | B188: PAYMENT REFERS TO | C188: DESCRIPTION | D188: UNIT | E188: QTY | F188: RATE
A189: 1680 | C189: Install 4-way term block & photocell | D189: 1 | E189: ea
A190: 1690 | C190: Install a by-pass switch for photo cell | D190: 1 | E190: ea
A191: 1700 | C191: convert exist_ inner door to vandalproof | D191: 1 | E191: ea
A192: 1710 | C192: disconnect and lower mast as specified | D192: 1 | E192: ea
A193: 1720 | C193: disconnect & remove-photo elec. switch | D193: 1 | E193: ea
A194: 1730 | C194: inspection and certification of Masts | D194: 1 | E194: ea
A195: 1740 | C195: inspection and report on suspect/fault | D195: 1 | E195: ea
A196: 1750 | C196: inspection, tests and report on masts | D196: 1 | E196: ea
A197: 1760 | C197: install earth leakage isolator_mast DB | D197: 1 | E197: ea
A198: 1770 | C198: lowering and raising of sectional poles | D198: 1 | E198: ea
A199: 1780 | C199: lowering and raising a luminaries | D199: 1 | E199: ea
A200: 1790 | C200: mech & electrical tests on repairs | D200: 1 | E200: ea
... A232: 2110 | C232: replacing and tack welding a new nuts ( per mast) | D232: 1 | E232: ea
A233: 6 | B233: SECTION 6: STREET LIGHTS (CONSTRUCTION AND MAINTENANCE) AND HIGH MAST MAINTENANCE CARRIED FORWARD
A234: CONTRACT NUMBER: | C234: PUBLIC LIGHTING CONSTRUCTION AND MAINTENANCE | F234: SECTION 6
A236: ITEM CODE | B236: PAYMENT REFERS TO | C236: DESCRIPTION | D236: UNIT | E236: QTY | F236: RATE
A237: 2120 | C237: replacing and tack welding a used nuts ( per mast) | D237: 1 | E237: ea
A238: 2130 | C238: Replace street light bracket - all sizes | D238: 1 | E238: ea
A239: 2140 | C239: Install street lighting luminaries-all sizes | D239: 1 | E239: ea
A240: 2150 | C240: supply and install complete DB | D240: 1 | E240: ea
A241: 2160 | C241: supply and mount stubby as specified | D241: 1 | E241: ea
A242: 2170 | C242: supply new vandal proof inner door | D242: 1 | E242: ea
A243: 2180 | C243: touch up paint (per container) | D243: 1 | E243: ea
A244: 2190 | C244: collection of material from stores | D244: 1 | E244: ea
A245: 2200 | C245: compaction certificate (public roads ) | D245: 1 | E245: ea
A246: 2210 | C246: provision of security per 12hr shift | D246: 1 | E246: ea
A247: 2220 | C247: decommissioning of meters | D247: 1 | E247: ea
A248: 2230 | C248: decommissioning of supply | D248: 1 | E248: ea
... A278: 2530 | C278: Stringing of Mink per conductor | D278: 1 | E278: m
A279: 6-MAINTENANCE | B279: SECTION 6: STREET LIGHTS (CONSTRUCTION AND MAINTENANCE) AND HIGH MAST MAINTENANCE CARRIED FORWARD
A280: CONTRACT NUMBER: | C280: PUBLIC LIGHTING CONSTRUCTION AND MAINTENANCE | F280: SECTION 6
A282: ITEM CODE | B282: PAYMENT REFERS TO | C282: DESCRIPTION | D282: UNIT | E282: QTY | F282: RATE
...

Sheet SUMMARY Final
B1: CONTRACT NUMBER: | D1: PUBLIC LIGHTING CONSTRUCTION AND MAINTENANCE | K1: SUMMARY
B5: SECTION | C5: DESCRIPTION | K5: AMOUNT
B7: SECTION 1 | C7: PRELIMINARY AND GENERAL
B8: SECTION 2 | C8: HIGH MAST FOUNDATIONS
B9: SECTION 3 | C9: INSTALLATION OF NEW SOLAR AND CONVENTIONAL MASTS
B10: SECTION 4 | C10: CONVERSION OF CONVENTIONAL MASTS TO SOLAR
B11: SECTION 5 | C11: INSTALLATION OF STREETLIGHTS
B12: SECTION 6 | C12: STREET LIGHTS (CONSTRUCTION AND MAINTENANCE) AND HIGH MAST MAINTENANCE
B13: SUBTOTAL
B14: ADD VAT @ 15%
B15: TOTAL PROJECT CONSTRUCTION COSTS
D378: TOTAL SECTION A: Carried to Summary
